 Dungeon Crawl Stone Soup version 0.27-a0-1256-gced786f65e (webtiles) character file.

Game seed: 10556556619865467126

10528 bande the Cleaver (level 11, -21/67 HPs)
             Began as a Gargoyle Fighter on June 11, 2021.
             Was a High Priest of Okawaru.
             Killed from afar by a fire giant (58 damage)
             ... with a bolt of fire
             ... on level 10 of the Dungeon.
             The game lasted 00:20:07 (13127 turns).

bande the Cleaver (Gargoyle Fighter)               Turns: 13127, Time: 00:20:08

Health: -21/67     AC: 24    Str: 29    XL:     11   Next: 63%
Magic:  16/16      EV:  8    Int:  9    God:    Okawaru [*****.]
Gold:   503        SH: 13    Dex: 26    Spells: 10/10 levels left

rFire    . . .     SeeInvis .   y - +6 war axe of Charity {vorpal, Str+7 Dex+4}
rCold    . . .     Faith    .   c - +0 kite shield
rNeg     + . .     Spirit   .   u - +0 chain mail
rPois    ∞         Reflect  .   v - +2 hat
rElec    +         Harm     .   p - +0 cloak
rCorr    .         Rampage  .   m - +0 pair of gloves
Will     .....                  A - +0 pair of boots
Stlth    ..........             (no amulet)
HPRegen  0.21/turn              d - +6 ring of dexterity
MPRegen  0.15/turn              b - +6 ring of dexterity

@: no status effects
A: sickness immunity, AC +8, negative energy resistance 1, electricity
resistance, torment resistance 1, petrification resistance
a: Renounce Religion, Heroism, Finesse


You were on level 10 of the Dungeon.
You worshipped Okawaru.
Okawaru was extremely pleased with you.
You visited 2 branches of the dungeon, and saw 11 of its levels.
You also visited: Ossuary.

You collected 503 gold pieces.

Inventory:

Hand Weapons
 a - a +1 war axe of flaming
 i - a +1 vorpal broad axe
 y - the +6 war axe of Charity (weapon) {vorpal, Str+7 Dex+4}
   (You found it on level 6 of the Dungeon)

   It inflicts extra damage upon your enemies.
   It affects your strength (+7).
   It affects your dexterity (+4).
Missiles
 B - 2 curare-tipped darts (quivered)
Armour
 c - a +0 kite shield (worn)
 k - a +1 helmet
 m - a +0 pair of gloves (worn)
 p - a +0 cloak (worn)
 u - a +0 chain mail (worn)
 v - a +2 hat (worn)
 A - a +0 pair of boots (worn)
Jewellery
 b - a +6 ring of dexterity (right hand)
 d - a +6 ring of dexterity (left hand)
 j - a +6 ring of intelligence
 D - an amulet of faith
Wands
 n - a wand of charming (8)
 r - a wand of iceblast (2)
 t - a wand of digging (6)
Scrolls
 e - 4 scrolls of enchant weapon
 g - a scroll of amnesia
 h - 3 scrolls of magic mapping
 q - 8 scrolls of teleportation
 w - 4 scrolls of fog
 x - 6 scrolls of enchant armour
 C - 2 scrolls of identify
Potions
 f - 3 potions of haste
 l - 3 potions of invisibility
 o - a potion of heal wounds
 s - 2 potions of might
 z - 9 potions of curing


   Skills:
 + Level 7.1 Fighting
 + Level 10.1 Axes
 + Level 7.9 Armour
 - Level 1.6 Dodging
 + Level 7.6 Shields
 * Level 6.8 Invocations
 * Level 6.3 Evocations


You had 10 spell levels left.
You didn't know any spells.
Your spell library contained the following spells:

 Spells                   Type           Power      Damage    Failure   Level
 Sandblast                Erth           0%         2d4       99%         1
 Shock                    Conj/Air       0%         1d3       99%         1
 Passwall                 Tmut/Erth      0%         N/A       100%        2
 Static Discharge         Conj/Air       0%         N/A       100%        2
 Confusing Touch          Hex            0%         N/A       100%        3
 Gell's Gravitas          Tloc           0%         N/A       100%        3
 Stone Arrow              Conj/Erth      0%         3d7       100%        3
 Swiftness                Air            0%         N/A       100%        3
 Airstrike                Air            0%         N/A       100%        4
 Petrify                  Tmut/Erth      0%         N/A       100%        4
 Lee's Rapid Deconstruct  Erth           0%         3d5*      100%        5
 Lightning Bolt           Conj/Air       0%         1d11      100%        5
 Metabolic Englaciation   Hex/Ice        0%         N/A       100%        5
 Yara's Violent Unravell  Hex/Tmut       0%         3d3       100%        5


Dungeon Overview and Level Annotations

Branches:
Dungeon (10/15)            Temple (1/1) D:4         Ossuary (visited)
   Lair: D:8-11         Orc: D:9-12

Altars:
Ashenzari
Cheibriados
Dithmenos
Elyvilon
Fedhas
Gozag
Hepliaklqana
Kikubaaqudgha
Makhleb
Nemelex Xobeh
Okawaru
Qazlal
Ru
Sif Muna
Trog
Uskayaw
Vehumet
Wu Jian
Xom
Yredelemnul
Zin
The Shining One


Innate Abilities, Weirdness & Mutations

You are immune to sickness and miasma.
Your stone body is resilient. (AC +8)
You are immune to poison.
You resist negative energy. (rN+)
You are resistant to electric shocks. (rElec)
You are resistant to unholy torment.
You are immune to petrification.


Message History

The yak barely misses you.
There is an open door here.
You barely miss the yak. You block the yak's attack.
You slice the yak!!
The yak is heavily wounded.
You block the yak's attack.
You slash the yak!
The yak is severely wounded.
You block the yak's attack.
You hit the yak.
The yak is almost dead.
The yak gores you but does no damage. x2
You slice the yak!!
You kill the yak!
Okawaru accepts your kill.
The yak's shape twists and changes as it dies.
No target in view!
No target in view!
No target in view!
No target in view!
No target in view!
No target in view!
You open the door.
A fire giant comes into view.
It is wielding a +0 great sword of flaming.
The fire giant shouts!
The fire giant moves out of view.
Found a scimitar and a papyrus book.
No target in view!
No target in view!
No target in view!
No target in view!
No target in view!
The fire giant casts a spell at you.
The fireball explodes!
The fireball engulfs you!!
You hear a bellow!
Found a short jewelled staff and a trident.
The fire giant points at you and mumbles some strange words.
The bolt of fire hits you!!!
Ouch! That really hurt!
You die...

#............#
##...........[#
........####### ........#
#. ........# +. ...######
#.. ...#....# ######+##
...#....# #:.)#...#
...#....# #...@...#.....
...#....# #).C#.†.#....#
.###....# ######'###...#
.#....<.# #...##...# #..
.#......# #...##...# #..
.#......# #...##...# #..
.#......##########'###...#
#.. .#..........#..#
#.###(..# #..
.#........#'#..# #.......#
#..


You could see a fire giant.

Vanquished Creatures
  3 two-headed ogres
  An ugly thing (D:10)
  2 trolls
  3 hornets
  Sigmund (D:5)
  A shadow (D:9)
  A wyvern (D:9)
  A yak (shapeshifter) (D:10)
  Eustachio (D:6)
  16 yaks
  Menkaure (Ossuary)
  Edmund (D:5)
  2 orc warriors (D:9)
  An ice beast (D:8)
  A sky beast (D:7)
  3 ogres
  A necrophage (D:3)
  3 centaurs
  Blork the orc (D:5)
  3 kobold brigands
  4 bullfrogs
  3 gnoll sergeants
  A scorpion (D:5)
  A water moccasin zombie (D:5)
  3 killer bees
  4 howler monkeys
  3 centaur zombies
  A bullfrog zombie (D:3)
  4 hounds
  A human zombie (Ossuary)
  2 orc priests
  2 jellies
  2 centaur skeletons
  An iguana (D:6)
  11 orc wizards
  5 ogre zombies (Ossuary)
  6 mummies (Ossuary)
  2 hound skeletons (D:4)
  15 gnolls
  9 adders
  2 white imps
  7 adder zombies (Ossuary)
  An adder skeleton (D:4)
  2 worms
  2 dart slugs
  23 orcs
  7 ball pythons
  5 endoplasms
  2 giant cockroaches
  A gnoll zombie (Ossuary)
  5 goblins
  8 hobgoblins
  11 jackals
  14 kobolds
  6 quokkas
  2 bats (D:2)
  3 frilled lizards
  5 hobgoblin zombies (Ossuary)
  6 kobold zombies (Ossuary)
  An orc zombie (Ossuary)
  4 quokka zombies (Ossuary)
  7 rats
251 creatures vanquished.

Notes
Turn   | Place    | Note
-------+----------+-------------------------------------------
     0 | D:1      | bande the Gargoyle Fighter began the quest for the Orb.
     0 | D:1      | Reached XP level 1. HP: 14/14 MP: 1/1
   635 | D:1      | Reached XP level 2. HP: 19/19 MP: 2/2
   890 | D:1      | Found a faded altar of an unknown god.
   910 | D:1      | Reached skill level 2 in Axes
  1254 | D:2      | Found a sacrificial altar of Ru.
  1301 | D:2      | HP: 1/20 [adder (1)]
  1304 | D:2      | Reached XP level 3. HP: 2/24 MP: 3/3
  1649 | D:2      | Identified a scroll of acquirement
  1649 | D:2      | Acquired a +1 vorpal broad axe
  1659 | D:2      | Reached XP level 4. HP: 12/29 MP: 4/4
  2361 | D:2      | Reached skill level 3 in Axes
  2372 | D:2      | Reached XP level 5. HP: 33/33 MP: 5/5
  2598 | D:3      | Noticed a necrophage
  2606 | D:3      | Killed a necrophage
  2666 | D:3      | Reached XP level 6. HP: 29/38 MP: 6/6
  3100 | D:3      | Found a snail-covered altar of Cheibriados.
  3283 | D:3      | Reached skill level 4 in Axes
  3516 | D:4      | Reached skill level 1 in Dodging
  3516 | D:4      | Reached skill level 1 in Evocations
  3516 | D:4      | Reached XP level 7. HP: 21/44 MP: 7/7
  3806 | D:4      | Found a staircase to the Ecumenical Temple.
  3817 | Temple   | Entered the Ecumenical Temple
  4431 | D:4      | Found an iron altar of Okawaru.
  4439 | D:4      | Became a worshipper of Warmaster Okawaru
  4771 | D:5      | Entered Level 5 of the Dungeon
  4771 | D:5      | Noticed Blork the orc
  4779 | D:5      | Killed Blork the orc
  4886 | D:5      | Reached skill level 5 in Armour
  4904 | D:5      | Noticed Sigmund
  4916 | D:5      | Killed Sigmund
  4916 | D:5      | Reached * piety under Okawaru
  4917 | D:5      | Reached skill level 5 in Axes
  4917 | D:5      | Reached XP level 8. HP: 29/48 MP: 8/8
  5149 | D:5      | Noticed Edmund
  5161 | D:5      | Killed Edmund
  5162 | D:5      | Reached skill level 5 in Shields
  5660 | D:5      | Reached skill level 1 in Invocations
  6752 | D:6      | Reached skill level 5 in Fighting
  6925 | D:6      | Found a glowing golden altar of the Shining One.
  7062 | D:6      | Identified the +6 war axe of Charity {vorpal, Str+7 Dex+4}
  7070 | D:6      | Noticed Eustachio
  7080 | D:6      | Killed Eustachio
  7081 | D:6      | Reached skill level 6 in Axes
  7322 | D:6      | Found a hazy altar of Hepliaklqana.
  7657 | D:7      | Reached XP level 9. HP: 44/54 MP: 10/10
  7752 | D:7      | Reached ** piety under Okawaru
  7764 | D:7      | Found a sand-covered staircase.
  7774 | Ossuary  | Entered an ossuary
  8087 | Ossuary  | Noticed Menkaure
  8137 | Ossuary  | Killed Menkaure
  8519 | Ossuary  | Reached skill level 7 in Axes
  9027 | D:7      | Noticed a troll
  9030 | D:7      | Killed a troll
  9508 | D:8      | Noticed a hornet
  9520 | D:8      | Killed a hornet
  9520 | D:8      | Reached *** piety under Okawaru
 10031 | D:8      | You fall into a shaft and drop 1 floor!
 10039 | D:9      | Reached XP level 10. HP: 54/60 MP: 8/13
 10103 | D:9      | Reached skill level 8 in Axes
 10404 | D:9      | Reached skill level 5 in Invocations
 10569 | D:9      | Reached **** piety under Okawaru
 10570 | D:9      | Reached skill level 5 in Evocations
 10777 | D:8      | Noticed a two-headed ogre
 10784 | D:8      | Killed a two-headed ogre
 11506 | D:9      | Found a large runed translucent door.
 11507 | D:9      | Found a large runed translucent door.
 11571 | D:9      | Reached skill level 9 in Axes
 11873 | D:9      | Found a radiant altar of Vehumet.
 11873 | D:9      | Noticed a two-headed ogre
 11878 | D:9      | Killed a two-headed ogre
 11878 | D:9      | Reached ***** piety under Okawaru
 12206 | D:9      | Found an ornate altar of the Wu Jian Council.
 12214 | D:9      | Reached XP level 11. HP: 54/66 MP: 15/15
 12322 | D:10     | Entered Level 10 of the Dungeon
 12490 | D:10     | Noticed a two-headed ogre
 12495 | D:10     | Killed a two-headed ogre
 13051 | D:10     | Reached skill level 10 in Axes
 13065 | D:10     | Found a white marble altar of Elyvilon.
 13105 | D:10     | Noticed a purple ugly thing
 13110 | D:10     | Killed a purple ugly thing
 13125 | D:10     | Noticed a fire giant
 13127 | D:10     | Killed from afar by a fire giant

Illustrated notes

Levels and vault maps discovered:
D:1:      eino_arrival_water_star, layout_basic, ebering_ecumenical_altar_ruins,
          minmay_misc_feat_four_crosses
D:2:      layout_basic, basic_altar, hangedman_decor_points,
          chequers_decorated_corner, minmay_misc_feat_chi
D:3:      layout_basic, slow_altar_2
D:4:      layout_loops_ring, kennysheep_okawaru_gauntlet,
          minmay_temple_entry_tees, grunt_decor_clamped, amethyst_killhole
D:5:      layout_basic, uniq_blork_the_orc, uniq_sigmund, uniq_edmund
D:6:      layout_layer_cave, lemuel_round_altar, old_standard_altar,
          uniq_eustachio
D:7:      layout_basic, nicolae_ossuary_entry_monument
D:8:      layout_cave_pools
D:9:      layout_roguey, jmf_multi_god_temple2, kennysheep_opposing_triangles
D:10:     kennysheep_windowed_halls, layout_irregular_city,
          lemuel_coloured_pillars_altar, minmay_evil_grid
Temple:   regret_index_temple_generic_petals

Skill      XL: |  1  2  3  4  5  6  7  8  9 10 11 |
---------------+----------------------------------+-----
Axes           | 2 3 4 5 6 7 9 10 | 10.1
Armour         | 4 5 6 7 |  7.9
Fighting       | 4 5 6 7 |  7.1
Shields        | 4 5 6 7 |  7.6
Dodging        | 1 |  1.6
Evocations     | 1 2 3 4 5 6 |  6.3
Invocations    | 2 4 6 |  6.8

Action                   |  1- 3 |  4- 6 |  7- 9 | 10-12 || total
-------------------------+-------+-------+-------+-------++-------
Melee: War axe           |    54 |       |   309 |   140 ||   503
       Broad axe         |     4 |   167 |       |       ||   171
Invok: Heroism           |       |       |     2 |       ||     2
  Use: Scroll            |     7 |     1 |     8 |       ||    16
       Potion            |     3 |       |     3 |       ||     6
Armor: Scale mail        |    53 |   126 |    47 |       ||   226
       Chain mail        |       |       |   163 |    66 ||   229
Dodge: Dodged            |    36 |    62 |   110 |    50 ||   258
Block: Kite shield       |    47 |   113 |   200 |   110 ||   470

Table legend: (Time is in decaauts)
 A = Elapsed time spent in this place.
 B = Non-inter-level travel time spent in this place.
 C = Inter-level travel time spent in this place.
 D = Time resting spent in this place.
 E = Time spent auto-exploring this place.
 F = Levels seen in this place.
 G = Mean time per level.
                   A        B        C        D        E       F      G
               +--------+--------+--------+--------+--------+-----+--------+
         Total |  13418 |  13325 |     93 |   2902 |   8152 |  12 | 1118.2 |
       Dungeon |  12349 |  12256 |     93 |   2655 |   7606 |  10 | 1234.9 |
        Temple |    277 |    277 |      0 |      0 |    208 |   1 |  277.0 |
       Ossuary |    791 |    791 |      0 |    247 |    338 |   1 |  791.0 |
               +--------+--------+--------+--------+--------+-----+--------+

Top non-repeatable levels by time:
     D:9: 1628 daAuts
     D:5: 1559 daAuts
     D:7: 1390 daAuts
     D:6: 1351 daAuts
     D:2: 1334 daAuts
     D:1: 1266 daAuts
     D:3: 1054 daAuts
     D:4: 999 daAuts
     D:8: 950 daAuts
    D:10: 815 daAuts
 Ossuary: 791 daAuts
  Temple: 277 daAuts
